 Dungeon Crawl Stone Soup version 0.31.0-11-ge490571c62 (webtiles) character file.

Game seed: 14091069167260762724

356 qw the Ducker (level 6, 0/32 HPs)
             Began as a Spriggan Hunter on Feb 5, 2024.
             Killed from afar by Ijyb (11 damage)
             ... with a bolt of acid
             ... on level 3 of the Dungeon.
             The game lasted 00:00:36 (2010 turns).

qw the Ducker (Spriggan Hunter)                     Turns: 2010, Time: 00:00:36

Health: 0/32       AC: -2    Str:  7    XL:     6   Next: 36%
Magic:  7/7        EV: 22    Int: 11    God:
Gold:   93         SH:  0    Dex: 20    Spells: 5/5 levels left

rFire   . . .        a - +0 shortbow
rCold   . . .        (shield currently unavailable)
rNeg    . . .        c - +0 robe
rPois   .            (helmet restricted)
rElec   .            (no cloak)
rCorr   .            (gloves unavailable)
SInv    +            (boots unavailable)
Will    +....        j - amulet of regeneration
Stlth   ++           (no ring)
HPRegen 1.05/turn    (no ring)
MPRegen 0.10/turn

%: no passive effects
@: corroded, very quick
A: very small, no large weapons, unfitting armour, see invisible, speed 3
a: no special abilities


You were on level 3 of the Dungeon.
You visited 1 branch of the dungeon, and saw 3 of its levels.

You collected 156 gold pieces.
You spent 63 gold pieces at shops.


Innate Abilities, Weirdness & Mutations

You are very small and have problems with some larger weapons.
You are too small for most types of armour.
You have supernaturally acute eyesight. (SInv)
You cover ground extremely quickly. (Speed+++)


   Skills:
 - Level 2.6 Fighting
 + Level 5.0 Ranged Weapons
 - Level 7.2 Dodging
 - Level 1.5 Stealth


You had 5 spell levels left.
You didn't know any spells.
Your spell library was empty.

Inventory:

Hand Weapons
 a - a +0 shortbow (weapon)
Armour
 c - a +0 robe (worn)
 e - a +0 cloak
Jewellery
 j - an amulet of regeneration (around neck)
Scrolls
 b - 2 scrolls of teleportation
 g - a scroll of identify
 h - a scroll of poison {unknown}
 k - a scroll of noise {unknown}
Potions
 d - 3 potions of heal wounds
 f - a potion of haste {unknown}
 i - a potion of berserk rage {unknown}

Dungeon Overview and Level Annotations

Branches:
Dungeon (3/15)

Altars:

Shops:
D:3 [

Annotations:
D:3 Ijyb


Message History

The arrow hits the rat!
You kill the rat!
You see here a staff of cold.
You see here a rat corpse.
Found a chain mail.
d - 3 potions of heal wounds (gained 1)
You see here a +0 chain mail.
A kobold comes into view. It is wielding a +0 club.
You shoot an arrow. The arrow hits the kobold!
You kill the kobold!
Things that are here:
a +0 club; a stone Ijyb the Twisted Goblin comes into view.
She is wielding a +0 dagger and carrying a wand of acid.
You shoot an arrow. The arrow hits Ijyb.
Ijyb is lightly wounded.
You shoot an arrow. The arrow barely misses Ijyb.
Ijyb completely misses you.
You shoot an arrow. The arrow hits Ijyb but does no damage.
Ijyb is lightly wounded.
Ijyb zaps a wand.
The bolt of acid misses you.
You shoot an arrow. The arrow closely misses Ijyb.
Ijyb misses you.
You shoot an arrow. The arrow hits Ijyb.
Ijyb is moderately wounded.
Ijyb completely misses you.
You shoot an arrow. The arrow completely misses Ijyb.
Ijyb barely misses you.
You shoot an arrow. The arrow hits Ijyb but does no damage.
Ijyb is moderately wounded.
Ijyb zaps a wand.
The bolt of acid hits you! The acid corrodes you!
You shoot an arrow. The arrow hits Ijyb.
Ijyb is heavily wounded.
Ijyb zaps a wand.
The bolt of acid hits you!
Ijyb zaps a wand.
The bolt of acid hits you.
You shoot an arrow. The arrow barely misses Ijyb.
Ijyb zaps a wand.
The bolt of acid misses you.
You shoot an arrow. The arrow hits Ijyb.
Ijyb is severely wounded.
Ijyb zaps a wand.
The bolt of acid hits you!
You die...

##.## #.# #.#
###########.#
#...........#
#.###########
#)# #.# #@#
#...g.#
#######


You could see Ijyb.

Vanquished Creatures
  Sigmund (D:3)
  An ice beast (D:3)
  3 adders
  4 dart slugs
  5 ball pythons
  6 endoplasms
  4 giant cockroaches
  7 goblins
  6 hobgoblins
  8 jackals (D:1)
  4 quokkas
  2 bats
  3 frilled lizards
  3 kobolds
  12 rats
69 creatures vanquished.

Notes
Turn   | Place    | Note
-------+----------+-------------------------------------------
     0 | D:1      | qw the Spriggan Hunter began the quest for the Orb.
     0 | D:1      | Reached XP level 1. HP: 10/10 MP: 2/2
     0 | D:1      | 0 ||| qw: Version: 0.3-a-160-g6735b56
     0 | D:1      | 0 ||| qw: Game counter: 6158
     0 | D:1      | 0 ||| qw: Melee chars always use a shield: true
     0 | D:1      | 0 ||| qw: God list: Okawaru
     0 | D:1      | 0 ||| qw: Allow faded altars: false
     0 | D:1      | 0 ||| qw: Do Orc after clearing Dungeon:15 true
     0 | D:1      | 0 ||| qw: Do second Lair branch before Depths: true
     0 | D:1      | 0 ||| qw: Lair rune preference: random
     0 | D:1      | 0 ||| qw: Goals: Normal
     0 | D:1      | 0 ||| PLANNING D:1-11
    53 | D:1      | Reached skill level 3 in Dodging
   279 | D:1      | Reached XP level 2. HP: 14/14 MP: 3/3
   334 | D:1      | Reached skill level 4 in Dodging
   509 | D:1      | Reached XP level 3. HP: 18/18 MP: 4/4
   840 | D:1      | 840 ||| UPGRADING to amulet of the acrobat.
   845 | D:1      | 845 ||| UPGRADING to amulet of regeneration.
   855 | D:1      | 855 ||| DROPPING amulet of the acrobat.
   856 | D:1      | 856 ||| READING scroll labelled BONTONLIUMM.
   856 | D:1      | 856 ||| IDENTIFYING golden potion
   857 | D:1      | 857 ||| READING scroll labelled MEREYCVUUCK.
   858 | D:1      | 858 ||| READING scroll labelled JUCVUIG QYTAO.
   861 | D:1      | 861 ||| DROPPING scroll of butterflies.
   953 | D:2      | Reached XP level 4. HP: 22/22 MP: 5/5
  1431 | D:2      | 1431 ||| READING scroll labelled NUERHUE EREIXE.
  1532 | D:2      | 1532 ||| READING scroll labelled ZUEWKA QAPHU.
  1575 | D:3      | Found Zirph's Armour Emporium.
  1585 | D:3      | 1585 ||| BUYING +0 cloak (63 gold).
  1585 | D:3      | Bought a +0 cloak for 63 gold pieces
  1593 | D:3      | Found a faded altar of an unknown god.
  1595 | D:3      | Noticed Sigmund
  1603 | D:3      | 1603 ||| DRINKING coppery potion.
  1604 | D:3      | 1604 ||| DRINKING white potion.
  1608 | D:3      | Killed Sigmund
  1609 | D:3      | Reached skill level 7 in Dodging
  1609 | D:3      | Reached XP level 5. HP: 25/25 MP: 6/6
  1792 | D:3      | Noticed an ice beast
  1805 | D:3      | Killed an ice beast
  1806 | D:3      | Reached XP level 6. HP: 32/32 MP: 7/7
  2000 | D:3      | Noticed Ijyb
  2010 | D:3      | Killed from afar by Ijyb

Levels and vault maps discovered:
D:1:      amcnicky_arrival_abandoned_market, layout_basic, minmay_pentomino_r4
D:2:      layout_loops_ring, st_stairs_8, grunt_decor_cap
D:3:      layout_loops_ring, gammafunk_temple_overflow_claw, serial_shops,
          nicolae_shop_advertising_works [nicolae_subvault_shop_adworks],
          hellmonk_ecumenical_altar_arch_garden, uniq_ijyb, uniq_sigmund

Skill      XL: |  1  2  3  4  5 |
---------------+----------------+-----
Dodging        | 3 4 7 |  7.2
Ranged Weapons | 5 |  5.0
Fighting       | 2 |  2.6
Stealth        | |  1.5

Action                     |  1- 3 |  4- 6 || total
---------------------------+-------+-------++-------
   Fire: Shortbow          |   123 |    90 ||   213
    Use: Scroll            |     3 |     2 ||     5
         Potion            |       |     2 ||     2
 Armour: Robe              |    23 |    12 ||    35
  Dodge: Dodged            |    63 |    24 ||    87

Table legend:
 A = Non-vault XP
 B = Vault XP
 C = Vault XP percentage of total XP
 D = Non-vault monster count
 E = Vault monster count
 F = Vault count percentage of total count
                 A         B        C        D         E       F
            +---------+---------+-------+---------+---------+-------
      Total |     258 |     251 |  49.3 |      62 |       7 |  10.1
            +---------+---------+-------+---------+---------+-------
        D:1 |      57 |       9 |  13.6 |      30 |       4 |  11.8
        D:2 |      43 |      16 |  27.1 |      18 |       2 |  10.0
        D:3 |     158 |     226 |  58.9 |      14 |       1 |   6.7
            +---------+---------+-------+---------+---------+-------
